 Dungeon Crawl Stone Soup version 0.17-a0-18-gc25b939 (console) character file.

3412 Monkaria the Carver (level 9, -14/77 (79) HPs)
             Began as a Minotaur Chaos Knight on Mar 5, 2015.
             Engulfed by a cloud of freezing vapour (28 damage)
             ... on level 8 of the Dungeon on Mar 6, 2015.
             The game lasted 00:24:58 (9696 turns).

Monkaria the Carver (Minotaur Chaos Knight)         Turns: 9696, Time: 00:24:58

HP:   -14/77 (79)   AC: 12    Str: 17    XL:     9   Next: 76%
MP:   4/4           EV: 11    Int:  9    God:    Xom [...*..]
Gold: 583           SH:  0    Dex: 11    Spells: 0 memorised, 8 levels left

rFire  . . .     SeeInvis .     a - +0 falchion (chaos)
rCold  . . .     Clarity  .     W - +0 mottled dragon armour
rNeg   . . .     SustAb   .     (no shield)
rPois  .         Gourm    .     (helmet unavailable)
rElec  .         Spirit   .     (no cloak)
rCorr  .         Warding  .     T - +0 pair of gloves
rMut   .         Stasis   .     b - +0 pair of boots
MR     .....                    P - amulet of faith
Stlth  +.........               g - ring of ice
                                h - ring of fire

@: not resistant to hostile enchantments, very unstealthy
A: retaliatory headbutt, hooves 1, horns 3, molten scales 1, spit poison 1, weak
1, wild magic 2
a: Spit Poison, Renounce Religion


You were on level 8 of the Dungeon.
You worshipped Xom.
You were a favourite toy of Xom.
You were very hungry.

You visited 2 branches of the dungeon, and saw 9 of its levels.

You collected 841 gold pieces.
You spent 258 gold pieces at shops.

Inventory:

Hand weapons
 a - a +0 falchion of chaos (weapon)
 C - a +0 blowgun
Missiles
 l - 7 needles of confusion
 w - 88 poisoned needles
 y - 7 tomahawks (quivered)
Armour
 b - a +0 pair of boots (worn)
 T - a +0 pair of gloves (worn)
 W - a +0 mottled dragon armour (worn)
Magical staves
 U - an uncursed staff of wizardry
Jewellery
 d - an uncursed ring of protection from fire
 g - a ring of ice (right hand)
 h - a ring of fire (left hand)
 s - an uncursed amulet of resist corrosion
 I - an uncursed ring of see invisible
 L - a +4 ring of dexterity
 N - an uncursed ring of wizardry
 P - an amulet of faith (around neck)
Magical devices
 A - a wand of slowing (20)
 G - a wand of digging (16)
 J - a wand of teleportation (5)
 Q - a wand of draining (5)
 R - a wand of paralysis (12)
Scrolls
 f - 3 scrolls of teleportation
 m - 6 scrolls of remove curse
 q - 2 scrolls of immolation {unknown}
 r - 5 scrolls of enchant weapon
 x - a scroll of noise {unknown}
 E - 2 scrolls of amnesia
 F - 2 scrolls of enchant armour {unknown}
 H - 2 scrolls of random uselessness {unknown}
 M - a scroll of blinking {unknown}
 O - a scroll of silence {unknown}
Potions
 e - a potion of cancellation
 j - 3 potions of curing
 k - a potion of ambrosia
 n - 2 potions of resistance
 p - 4 potions of heal wounds
 u - a potion of agility
 z - 2 potions of poison {unknown}
 K - 2 potions of mutation {unknown}
 V - a potion of brilliance {unknown}
Books
 D - a book of Necromancy

   Spells                             Type                      Level
   a - Pain                           Necromancy                   1
   b - Animate Skeleton               Necromancy                   1
   c - Vampiric Draining              Necromancy                   3
   d - Regeneration                   Charms/Necromancy            3
   e - Animate Dead                   Necromancy                   4
   f - Control Undead                 Necromancy                   4
Miscellaneous
 v - a crystal ball of energy
Comestibles
 c - 7 bread rations
 i - 5 meat rations
 o - 7 fruits
 t - 10 slices of pizza
 B - a beef jerky


   Skills:
 - Level 7.0 Fighting
 - Level 12.3 Long Blades
 + Level 10.0 Armour
 - Level 1.1 Dodging
 - Level 0.1 Stealth


You had 8 spell levels left.
You didn't know any spells.

Dungeon Overview and Level Annotations

Branches:
Dungeon (8/15)             Temple (1/1) D:5
   Lair: D:8-11

Altars:
Ashenzari
Cheibriados
Dithmenos
Elyvilon
Fedhas
Gozag
Kikubaaqudgha
Makhleb
Nemelex Xobeh
Okawaru
Qazlal
Ru
Sif Muna
Vehumet
Xom
Yredelemnul
Zin
The Shining One

Shops:
D:5 }   D:7 *%([

Annotations:
D:6 MDvedh's ghost, experienced HuBe


Innate Abilities, Weirdness & Mutations

You reflexively headbutt those who attack you in melee.
You have a pair of large horns on your head.
You have large cloven feet.
You are partially covered in molten scales (AC +1).
You can spit poison.
You are weak. (Str -2)
Your spells are harder to cast, but more powerful.


Message History

You feel more attuned to fire.
h - a ring of fire (left hand) Put on which piece of jewellery? (? for menu, Esc to quit)
You're wearing all the rings you can.
Remove which one? (? for menu, Esc to cancel) < or
h - a ring of fire; > or
L - a +4 ring of dexterity You remove your +4 ring of dexterity.
You feel clumsy.
You feel more attuned to ice.
g - a ring of ice (right hand) Put on which piece of jewellery? (? for menu, Esc to quit)
Okay, then.
Really walk into a travel-excluded area?
There is an open door here.
You are engulfed in freezing vapours.
You are engulfed in freezing vapours.
* * * LOW HITPOINT WARNING * * *
You are engulfed in freezing vapours.
You die...
Xom chortles!

####### ......#
#.################### ......#
#.§§§§§§@§§§§§§§§§..#
......###################8'8#
........##....# #..##
####....##.##.# #.##
......>....##.###########.#
####....##................#
####....##......###########
........##......#
........##......#


There were no monsters in sight!

Vanquished Creatures
  The ghost of hornqvist the Covert, an average OpAs (D:5)
  Menkaure (D:3)
  2 orc warriors
  2 ice beasts
  4 ogres
  A phantom (D:5)
  3 necrophages (D:7)
  A centaur (D:6)
  Sigmund (D:7)
  Duvessa (D:7)
  3 big kobolds
  A giant frog (D:6)
  2 scorpions
  A scorpion (shapeshifter) (D:5)
  7 crimson imps
  Dowan (D:7)
  A jelly (D:8)
  A centaur zombie (D:7)
  3 iguanas
  3 orc priests (D:7)
  6 hounds
  2 goliath beetles (D:7)
  2 iron imps (D:8)
  3 giant frog skeletons
  An orc wizard (D:5)
  3 worker ants (D:6)
  Ijyb (D:6)
  A hound zombie (D:8)
  A hound skeleton (D:4)
  A worker ant zombie (D:5)
  4 gnolls
  Natasha (twice) (D:5)
  8 adders
  A white imp (D:8)
  2 shadow imps
  4 worms
  An adder skeleton (D:5)
  An adder zombie (D:7)
  9 giant geckos
  An ooze (D:2)
  22 orcs
  2 ball pythons
  14 bats
  A bat skeleton (D:7)
  2 bat zombies
  9 giant cockroaches
  12 goblins
  12 hobgoblins
  9 jackals
  5 quokkas
  9 giant newts
  49 kobolds
  14 rats
  A bush (D:7)
  A plant (D:4)
256 creatures vanquished.

Vanquished Creatures (collateral kills)
  A necrophage (D:7)
  Natasha (D:5)
  A worker ant (D:3)
  A jackal zombie (D:7)
4 creatures vanquished.

Vanquished Creatures (others)
  A wyvern skeleton (D:7)
  A shadow imp (D:5)
  2 plants (D:7)
4 creatures vanquished.

Grand Total: 264 creatures vanquished

Notes
Turn   | Place    | Note
--------------------------------------------------------------
     0 | D:1      | Monkaria, the Minotaur Chaos Knight, began the quest for the Orb.
     0 | D:1      | Reached XP level 1. HP: 19/19 MP: 1/1
   105 | D:1      | Reached skill level 4 in Long Blades
   121 | D:1      | Reached XP level 2. HP: 20/27 MP: 1/1
   232 | D:1      | XOM: smoke on damage
   295 | D:1      | XOM: divination: detect creatures
   563 | D:2      | XOM: harmless Trmt miscast
   605 | D:2      | Reached XP level 3. HP: 33/33 MP: 2/2
   623 | D:2      | Found a burning altar of Makhleb.
   624 | D:2      | Found an opulent altar of Gozag.
   624 | D:2      | Found a shadowy altar of Dithmenos.
   625 | D:2      | Found an iron altar of Okawaru.
   628 | D:2      | Found a deep blue altar of Sif Muna.
   630 | D:2      | Found a stormy altar of Qazlal.
  1340 | D:3      | XOM: divination: magic mapping
  1401 | D:3      | Reached XP level 4. HP: 12/41 MP: 2/2
  1402 | D:3      | HP: 2/41 [orc/flail (10)]
  1403 | D:3      | Reached skill level 5 in Long Blades
  1427 | D:3      | XOM: divination: magic mapping
  1718 | D:3      | Reached skill level 5 in Fighting
  1771 | D:3      | XOM: harmless Summ miscast
  1885 | D:3      | Reached XP level 5. HP: 42/48 MP: 2/2
  2124 | D:4      | Noticed Menkaure
  2155 | D:3      | HP: 2/50 [goblin/dagger (3)]
  2652 | D:3      | XOM: summons friendly shadow imp
  2659 | D:3      | Killed Menkaure
  2659 | D:3      | Reached skill level 6 in Fighting
  2659 | D:3      | Reached XP level 6. HP: 13/58 MP: 3/3
  2661 | D:3      | Reached skill level 7 in Fighting
  2952 | D:4      | XOM: god gift: 21 gold pieces
  3394 | D:4      | XOM: god gift: moonstone ring {god gift}
  3537 | D:4      | Noticed an ogre
  3547 | D:4      | Killed an ogre
  3547 | D:4      | Reached XP level 7. HP: 66/66 MP: 3/3
  3739 | D:4      | Upgraded the game from 0.17-a0-15-g0155121 to 0.17-a0-18-gc25b939
  3742 | D:5      | Entered Level 5 of the Dungeon
  4158 | D:5      | Reached skill level 8 in Long Blades
  4172 | D:5      | Found a staircase to the Ecumenical Temple.
  4183 | Temple   | Entered the Ecumenical Temple
  4418 | D:5      | Noticed Natasha
  4421 | D:5      | Noticed hornqvist's ghost (average OpAs)
  4437 | D:5      | Killed hornqvist's ghost
  4437 | D:5      | Reached skill level 9 in Long Blades
  4442 | D:5      | HP: 3/66 [crimson imp[Natasha] (3)]
  4444 | D:5      | XOM: summons 5 friendly demons
  4445 | D:5      | Killed Natasha
  4660 | D:5      | Noticed Natasha
  4663 | D:5      | Killed Natasha
  4746 | D:5      | XOM: god gift: crystal ball of energy
  4936 | D:4      | XOM: mild Conj miscast
  5400 | D:5      | Reached skill level 10 in Long Blades
  5400 | D:5      | Reached XP level 8. HP: 23/73 MP: 3/3
  5570 | D:5      | Noticed Eustachio
  5571 | D:5      | Noticed Eustachio
  5571 | D:5      | Eustachio changed into Eustachio the scorpion
  5571 | D:5      | XOM: polymorph Eustachio -> Eustachio the scorpion
  5576 | D:5      | Killed Eustachio the scorpion
  5595 | D:5      | XOM: noise
  5613 | D:5      | XOM: 3-stop teleportation journey
  5666 | D:5      | XOM: mild Summ miscast
  5857 | D:5      | Found Truunyq's Gadget Shop.
  5886 | D:5      | XOM: harmless Fire miscast
  6006 | D:5      | Noticed Natasha
  6013 | D:5      | Killed Natasha
  6122 | D:5      | XOM: medium Divn miscast
  6286 | D:5      | Reached skill level 11 in Long Blades
  6289 | D:5      | XOM: draining
  6504 | D:6      | Noticed Ijyb
  6509 | D:6      | Killed Ijyb
  6575 | D:6      | XOM: confuse monster(s)
  6680 | D:6      | Noticed MDvedh's ghost (experienced HuBe)
  6750 | D:6      | XOM: potion effect (haste)
  6751 | D:6      | XOM: enchant monster (bad)
  7019 | D:6      | XOM: potion effect (curing)
  7148 | D:5      | XOM: smoke on damage
  7326 | D:6      | Reached skill level 12 in Long Blades
  7709 | D:7      | Noticed Duvessa
  7709 | D:7      | Noticed Dowan
  7715 | D:7      | Killed Dowan
  7734 | D:7      | Killed Duvessa
  7770 | D:7      | Reached XP level 9. HP: 68/79 MP: 4/4
  7891 | D:7      | XOM: mild Fire miscast
  7905 | D:7      | Reached skill level 5 in Armour
  8157 | D:7      | Found a blossoming altar of Fedhas.
  8190 | D:7      | XOM: god gift: 330 gold pieces
  8196 | D:7      | Found Utiah's Antique Weapon Boutique.
  8197 | D:7      | Noticed Sigmund
  8198 | D:7      | XOM: summons friendly iron imp
  8202 | D:7      | Found Paohinoa's Assorted Antiques.
  8213 | D:7      | Killed Sigmund
  8340 | D:7      | Found Diororua's Antique Armour Shoppe.
  8379 | D:7      | Bought a scroll of identify for 40 gold pieces
  8379 | D:7      | Bought a scroll labeled OMNUOSCH LUDUSI for 20 gold pieces
  8379 | D:7      | Bought a dented lapis lazuli amulet for 100 gold pieces
  8379 | D:7      | Bought a metallic coppery potion for 18 gold pieces
  8379 | D:7      | Bought a gold wand for 80 gold pieces
  8472 | D:7      | Found Kischan's Food Shoppe.
  8648 | D:7      | XOM: potion effect (haste)
  8653 | D:7      | XOM: enchant monster (good)
  8657 | D:7      | XOM: summons friendly crimson imp
  8701 | D:7      | XOM: vitrification
  9009 | D:8      | XOM: vitrification
  9032 | D:8      | XOM: mild Summ miscast
  9133 | D:8      | XOM: give mutations
  9133 | D:8      | Gained mutation: You have large cloven feet. [Xom's mischief]
  9133 | D:8      | Gained mutation: You are partially covered in molten scales (AC +1). [Xom's mischief]
  9133 | D:8      | Gained mutation: You are weak. (Str -2) [Xom's mischief]
  9141 | D:8      | XOM: noise
  9150 | D:8      | Found a sparkling altar of Nemelex Xobeh.
  9299 | D:8      | XOM: colour smoke trail
  9414 | D:8      | Reached skill level 10 in Armour
  9556 | D:8      | XOM: summons 4 hostile demons
  9578 | D:8      | XOM: 7-stop teleportation journey
  9579 | D:8      | XOM: vitrification
  9638 | D:8      | XOM: give mutations
  9638 | D:8      | Gained mutation: Your spells are a little harder to cast, but a little more powerful. [Xom's grace]
  9638 | D:8      | Gained mutation: You can spit poison. [Xom's grace]
  9638 | D:8      | Gained mutation: Your spells are harder to cast, but more powerful. [Xom's grace]
  9638 | D:8      | Gained mutation: You have a pair of large horns on your head. [Xom's grace]
  9696 | D:8      | Engulfed by a cloud of freezing vapour

Action                   |  1- 3 |  4- 6 |  7- 9 || total
-------------------------+-------+-------+-------++-------
Melee: Falchion          |    97 |   158 |   516 ||   771
Throw: Tomahawk          |       |       |     1 ||     1
  Use: Scroll            |       |    10 |     4 ||    14
       Potion            |       |       |     4 ||     4
 Stab: Paralysed         |       |       |     7 ||     7
       Confused          |       |       |     2 ||     2
       Distracted        |       |       |     1 ||     1
  Eat: Chunk             |     1 |     7 |    17 ||    25
       Royal jelly       |       |       |     1 ||     1
